AoeStats
← bthi68153

African Clearing

510534078Analyzed
4v4 RM · 1d ago on Oct 1, 2026· 54m 28s· 8 players
Game mode
Random Map
Map size
Large (8 player)
Population
200
Speed
Normal
Resources
Standard
Victory
Conquest
Starting age
Dark Age
Ending age
Imperial Age
RankedLock teamsTeams togetherTeam positionsShared explorationLock speedFull tech treeHidden civsTurbo modeCheats
Victory
Defeat
🇨🇳 Vikings · China
1172
+16
🇷🇪 Persians · Réunion
1157
+17
🇻🇳 Lithuanians · Vietnam
1142
+18
🇷🇺 Varangians · Russia
1134
+18
🇪🇸 Franks · Spain
1293
-22
🇺🇸 Koreans · United States
1164
-17
🇩🇪 Vietnamese · Germany
1133
-15
🇪🇸 Malay · Spain
1118
-15
raphael-974-
5:18 Loom
14:11 Feudal Age
18:50 Wheelbarrow
20:46 Double-Bit Axe
20:42 Horse Collar
24:23 Man-at-Arms
29:47 Castle Age
30:15 Gambesons
30:03 Long Swordsman
36:07 Town Watch
不知天上水
14:51 Feudal Age
15:32 Loom
23:17 Castle Age
25:42 Crossbowman
26:23 Double-Bit Axe
29:37 Fletching
31:34 Bow Saw
37:42 Ballistics
40:29 Bodkin Arrow
41:45 Padded Archer Armor
46:18 Gold Mining
53:00 Imperial Age
52:28 Town Watch
53:42 Arbalester
xxxx
3:14 Loom
13:15 Feudal Age
19:42 Castle Age
17:53 Double-Bit Axe
18:25 Scale Mail Armor
18:57 Fishing Lines
20:09 Forging
22:32 Gold Mining
27:13 Bow Saw
28:55 Wheelbarrow
29:04 Gillnets
28:49 Pikeman
29:28 Horse Collar
31:18 Heavy Plow
32:12 Chain Mail Armor
32:04 Stone Mining
34:07 Iron Casting
33:56 Hand Cart
35:03 Stone Shaft Mining
35:12 Fletching
38:47 Scale Barding Armor
42:01 Imperial Age
39:36 Husbandry
39:46 Bloodlines
40:32 Chain Barding Armor
39:49 Vendel Legacy
43:15 Cavalier
44:56 Plate Barding Armor
45:22 Blast Furnace
46:32 Light Cavalry
48:49 Hussar
51:41 Two-Man Saw
51:14 Crop Rotation
52:02 Elite Varangian Guard
52:43 Squires
52:28 Arson
53:17 Plate Mail Armor
bthi68153
13:40 Feudal Age
17:56 Castle Age
16:20 Double-Bit Axe
16:16 Horse Collar
17:32 Gold Mining
23:03 Loom
27:59 Padded Archer Armor
33:12 Forging
33:59 Scale Barding Armor
34:05 Heavy Plow
34:17 Bow Saw
35:07 Iron Casting
35:10 Wheelbarrow
38:28 Imperial Age
36:30 Light Cavalry
37:21 Bloodlines
37:54 Chain Barding Armor
38:46 Winged Hussar
41:09 Plate Barding Armor
41:44 Chemistry
42:24 Leather Archer Armor
46:10 Conscription
48:13 Ring Archer Armor
51:55 Elite Leitis
navatonsc
4:37 Loom
13:14 Feudal Age
17:01 Double-Bit Axe
19:58 Wheelbarrow
19:40 Arson
23:22 Castle Age
28:02 Town Watch
29:36 Scale Mail Armor
29:41 Squires
32:06 Chain Mail Armor
32:02 Forging
31:55 Light Cavalry
33:08 Hand Cart
33:39 Bow Saw
36:14 Iron Casting
35:55 Gold Mining
36:57 Town Patrol
42:47 Imperial Age
41:04 Husbandry
41:27 Ordonnance Companies
41:58 Fletching
42:12 Padded Archer Armor
42:53 Capped Ram
44:18 Plate Mail Armor
44:38 Cavalier
45:25 Scale Barding Armor
46:21 Blast Furnace
45:56 Chivalry
45:55 Bodkin Arrow
sakuzi
15:40 Feudal Age
18:02 Double-Bit Axe
20:20 Castle Age
19:51 Forging
20:09 Double-Bit Axe
20:16 Arson
21:41 Iron Casting
21:08 Scale Mail Armor
22:23 Squires
24:05 Fletching
24:38 Chain Mail Armor
38:47 Imperial Age
37:19 Arson
39:02 Elite Fire Lancer
40:20 Plate Mail Armor
AkNeyls
3:45 Loom
12:57 Feudal Age
13:53 Double-Bit Axe
20:14 Fletching
20:24 Padded Archer Armor
25:54 Horse Collar
27:59 Wheelbarrow
32:48 Castle Age
31:24 Gold Mining
31:25 Stone Mining
33:33 Crossbowman
34:18 Thumb Ring
34:11 Bodkin Arrow
51:58 Heavy Plow
52:35 Pikeman
53:02 Arson
53:58 Squires
Andser99
5:38 Loom
15:07 Feudal Age
15:59 Double-Bit Axe
17:47 Fletching
19:07 Wheelbarrow
19:29 Horse Collar
21:34 Fishing Lines
25:16 Castle Age
25:02 Scale Barding Armor
26:04 Husbandry
26:21 Bow Saw
28:32 Forging
28:29 Crossbowman
30:18 Padded Archer Armor
29:45 Elite Skirmisher
31:20 Leather Archer Armor
33:14 Bodkin Arrow
35:35 Iron Casting
41:25 Imperial Age
39:10 Hand Cart
41:59 Blast Furnace
41:19 Gillnets
42:14 Elite Battle Elephant
44:01 Ring Archer Armor
45:52 Bracer
47:44 Chemistry
47:13 Caravan
Connection lost

Rejoining the realm…

Still unreachable

The connection could not be restored.

Session expired

The server has moved on; the page needs a fresh start.